 Dungeon Crawl Stone Soup version 0.32-a0-932-g546787307d (webtiles) character file.

Game seed: 17261374589748013283

204 Pascal76 the Chopper (level 5, 0/48 HPs)
             Began as a Minotaur Fighter on Apr 14, 2024.
             Slain by Blork the orc
             ... wielding a +0 long sword
              (2 damage)
             ... on level 4 of the Dungeon.
             The game lasted 00:04:10 (2905 turns).

Pascal76 the Chopper (Minotaur Fighter)             Turns: 2905, Time: 00:04:10

Health: 0/48       AC:  6    Str: 20 (23) XL:     5   Next: 52%
Magic:  4/4        EV:  8    Int:  2 (5)  God:
Gold:   190        SH:  3    Dex:  7 (9)  Spells: 4/4 levels left

rFire   . . .        a - +0 war axe
rCold   . . .        c - +0 buckler
rNeg    . . .        b - +0 scale mail
rPois   .            (helmet restricted)
rElec   .            (no cloak)
rCorr   .            (no gloves)
SInv    .            (no boots)
Will    .....        (no amulet) Stlth
                     (no ring)
HPRegen 0.28/turn    (no ring)
MPRegen 0.09/turn

%: no passive effects
@: hasted, very quick
A: horns 2, retaliatory headbutt
a: no special abilities


You were on level 4 of the Dungeon.
You visited 1 branch of the dungeon, and saw 4 of its levels.

You collected 190 gold pieces.

Inventory:

Hand Weapons
 a - a +0 war axe (weapon)
 k - a +0 war axe
Missiles
 f - 21 stones (quivered)
 j - 13 boomerangs
 q - 14 poisoned darts
Armour
 b - a +0 scale mail (worn)
 c - a +0 buckler (worn)
Wands
 l - a wand of charming (11)
 r - a wand of polymorph (6)
Scrolls
 e - 4 scrolls of identify {unknown}
 g - a scroll of enchant armour {unknown}
 i - 3 scrolls of enchant weapon {unknown}
 n - a scroll of teleportation {unknown}
 p - a scroll of noise {unknown}
Potions
 d - a potion of might
 o - a potion of enlightenment {unknown}
 s - a potion of mutation {unknown}


   Skills:
 + Level 5.2 Fighting
 * Level 5.9 Axes
 * Level 0.0 Throwing
 - Level 3.6 Armour
 - Level 3.6 Shields


You had 4 spell levels left.
You didn't know any spells.
Your spell library contained the following spells:

 Spells                   Type           Power      Damage    Failure   Level
 Hailstorm                Conj/Ice       0%         3d5       100%        3
 Inner Flame              Hex/Fire       0%         N/A       100%        3
 Summon Ice Beast         Ice/Summ       0%         N/A       100%        3
 Flame Wave               Conj/Fire      0%         2d4       100%        4
 Sticky Flame             Fire/Alch      0%         2d4       100%        4
 Permafrost Eruption      Ice/Erth       0%         2x4d1     100%        6
 Sculpt Simulacrum        Ice/Alch       0%         N/A       100%        6


Dungeon Overview and Level Annotations

Branches:
Dungeon (4/15)
 Temple: D:4-7

Altars:
Ashenzari
Elyvilon
Uskayaw

Annotations:
D:4 Blork the orc


Innate Abilities, Weirdness & Mutations

You have a pair of horns on your head.
You reflexively headbutt those who attack you in melee.


Message History

Blork the orc is lightly wounded.
Blork the orc miscasts a cantrip.
Blork the orc points at you and mumbles some strange words.
The magic dart hits you but does no damage.
You hit Blork the orc. Your headbutt misses Blork the orc.
Blork the orc is moderately wounded.
Blork the orc hits you with a +0 long sword!
Blork the orc casts a spell at you. The puff of flame hits you.
You hit Blork the orc but do no damage.
Blork the orc is moderately wounded.
Blork the orc hits you but does no damage.
Blork the orc barely misses you.
You hit Blork the orc.
Blork the orc is moderately wounded.
Blork the orc points at you and mumbles some strange words.
The puff of flame hits you!
* * * LOW HITPOINT WARNING * * *
You block Blork the orc's attack.
It was a potion of degeneration.
There was something very wrong with that liquid.
You feel weakened.
You feel dopey.
You feel clumsy.
Blork the orc points at you and mumbles some strange words.
The puff of flame hits you.
* * * LOW HITPOINT WARNING * * *
Aiming: Polymorph
Press: ? - help, Shift-Dir - straight line, f/p - Blork the orc
Aim: Blork the orc, wielding a +0 long sword and wearing a +0 robe (moderately wounded, fast, will become a ball python, a hobgoblin, or a frilled lizard, chance to affect: 49%) Blork the orc resists with some effort.
Blork the orc barely misses you. You furiously retaliate!
You headbutt Blork the orc! Blork the orc barely misses you.
You closely miss Blork the orc.
Blork the orc is severely wounded.
Blork the orc barely misses you.
Blork the orc hits you with a +0 long sword.
* * * LOW HITPOINT WARNING * * *
It was a potion of haste.
You feel yourself speed up.
Blork the orc hits you with a +0 long sword.
You die...
Blork the orc shouts, "I believe in me!"

#.........# #.#
######.......## #.#
.....#......######.#
........†.)........#
.....#..##########.#
...................#
#######.##########)#
#######.##########.#
.............o@....#
.#######.##########.#
.......#.# #.#
#..o##### #.#
#..........
##..........
###.........o.
.###....._.......
................?


You could see Blork the orc (fast).

Vanquished Creatures
  A scorpion (D:3)
  Natasha (D:3)
  3 gnolls (D:2)
  2 adders
  2 dart slugs
  4 bats
  7 endoplasms
  4 giant cockroaches
  7 goblins
  6 hobgoblins
  7 jackals
  3 quokkas
  3 ball pythons
  2 frilled lizards (D:2)
  10 kobolds
  5 rats
67 creatures vanquished.

Notes
Turn   | Place    | Note
-------+----------+-------------------------------------------
     0 | D:1      | Pascal76 the Minotaur Fighter began the quest for the Orb.
     0 | D:1      | Reached XP level 1. HP: 19/19 MP: 0/0
   392 | D:1      | Reached XP level 2. HP: 25/27 MP: 1/1
   900 | D:2      | Reached XP level 3. HP: 33/33 MP: 2/2
  1387 | D:2      | Reached XP level 4. HP: 41/41 MP: 3/3
  1824 | D:3      | Found a hide-covered altar of Uskayaw.
  1942 | D:3      | Found a broken altar of Ashenzari.
  2130 | D:3      | Noticed a scorpion
  2152 | D:3      | Killed a scorpion
  2153 | D:3      | Reached skill level 5 in Fighting
  2153 | D:3      | Reached skill level 5 in Axes
  2153 | D:3      | Reached XP level 5. HP: 43/48 MP: 4/4
  2171 | D:3      | Noticed Natasha
  2187 | D:3      | Killed Natasha
  2800 | D:4      | Found a white marble altar of Elyvilon.
  2882 | D:4      | Noticed Blork the orc
  2904 | D:4      | HP: 2/48 [Blork the orc/+0 long sword (6)]
  2905 | D:4      | Slain by Blork the orc

Illustrated notes

Levels and vault maps discovered:
D:1:      dpeg_arrival_circle_labyrinth_a, layout_basic, st_stairs_11,
          hangedman_decor_clover_reticule, hangedman_abyss_or_decor_stabs
D:2:      layout_basic
D:3:      layout_basic, nicolae_uskayaw_murder_on_the_dancefloor,
          nicolae_ashenzari_panopticon, grunt_ministairs_10, uniq_natasha
D:4:      minmay_door_path, layout_rooms, overflow_temple_1_default,
          uniq_blork_the_orc, uniq_eustachio

Skill      XL: |  1  2  3  4 |
---------------+-------------+-----
Axes           | 3 4 5 |  5.9
Fighting       | 4 5 |  5.2
Armour         | |  3.6
Shields        | |  3.6

Action                     |  1- 3 |  4- 6 || total
---------------------------+-------+-------++-------
  Melee: War axe           |    70 |    66 ||   136
         Headbutt          |     4 |     8 ||    12
  Throw: Stone             |       |     2 ||     2
  Evoke: Wand              |       |     1 ||     1
    Use: Potion            |       |     2 ||     2
 Armour: Scale mail        |    55 |    85 ||   140
  Dodge: Dodged            |    36 |    42 ||    78
  Block: Buckler           |    15 |    15 ||    30

Table legend: (Time is in decaauts)
 A = Elapsed time spent in this place.
 B = Non-inter-level travel time spent in this place.
 C = Inter-level travel time spent in this place.
 D = Time resting spent in this place.
 E = Time spent auto-exploring this place.
 F = Levels seen in this place.
 G = Mean time per level.
                   A        B        C        D        E       F      G
               +--------+--------+--------+--------+--------+-----+--------+
         Total |   2946 |   2857 |     89 |    228 |   1767 |   4 |  736.5 |
       Dungeon |   2946 |   2857 |     89 |    228 |   1767 |   4 |  736.5 |
               +--------+--------+--------+--------+--------+-----+--------+

Top non-repeatable levels by time:
     D:3: 1121 daAuts
     D:1: 899 daAuts
     D:2: 825 daAuts
     D:4: 100 daAuts
